Map: Port Aleksander LE

Players

herO

  • Race: Protoss Protoss
  • Spawn Location: 11:00

aLive - Winner!

  • Race: Terran Terran
  • Spawn Location: 5:00

Event: IEM Season 13: Katowice (2019)

VOD

https://youtu.be/aWR82gfRJSk

Description

Time

  • Played on: Feb. 25, 2019, 2:09 p.m.
  • Length: 10:34

All games in this series

Show
View Real Time Build Order
Export as new Build Order

herO Protoss 

Build Orders: Phoenix Opening 

Get SALT Encoding   

  12  0:00  Probe  
  13  0:13  Probe  
  14  0:18  Pylon  
  14  0:25  Probe  
  15  0:35  Probe  
  15  0:37  Gateway  
  15  0:42  Assimilator  
  16  0:43  Probe  
  17  0:51  Probe  
  18  1:03  Probe  
  19  1:15  Probe  
  20  1:24  Cybernetics Core  
  20  1:25  Zealot  
  22  1:36  Pylon  
  22  1:46  Nexus  
  22  1:51  Probe  
  22  1:52  Stalker  
  23  1:55  Assimilator  
  23  2:06  Probe  
  26  2:09  Warp Gate  
  26  2:18  Probe  
  26  2:22  Adept  
  29  2:28  Pylon  
  29  2:30  Probe  
  30  2:38  Stargate  
  30  2:41  Probe  
  31  2:49  Probe  
  31  2:54  Probe  
  31  2:58  Probe  
  33  3:02  Probe  
  36  3:09  Probe  
  36  3:12  Probe  
  38  3:17  Phoenix  
  38  3:18  Gateway  
  37  3:20  Gateway  
  39  3:28  Probe  
  39  3:30  Probe  
  41  3:38  Phoenix  
  41  3:40  Probe  
  42  3:42  Probe  
  42  3:46  Pylon  
  45  3:53  Probe  
  45  3:54  Probe  
  45  3:55  Phoenix  
  47  4:05  Probe  
  47  4:06  Probe  
  47  4:07  Stalker  
  53  4:12  Forge  
  53  4:15  Assimilator  
  53  4:18  Probe x2  
  53  4:20  Phoenix  
  57  4:27  Twilight Council  
  57  4:31  Assimilator  
  57  4:34  Probe x2  
  57  4:36  Phoenix  
  59  4:45  Pylon  
  61  4:46  Probe  
  61  4:48  Pylon  
  62  4:54  Protoss Ground Armor Level 1  
  62  5:01  Charge, Robotics Facility  
  62  5:03  Probe x2  
  64  5:17  Nexus  
  64  5:21  Gateway  
  64  5:22  Sentry  
  64  5:28  Gateway  
  66  5:33  Gateway  
  66  5:53  Templar Archives  
  66  5:54  Gateway  
  66  5:55  Gateway  
  66  5:56  Sentry, Zealot x2  
  72  5:59  Pylon  
  72  6:05  Warp Prism  
  74  6:19  Probe x2  
  74  6:25  Psionic Storm  
  75  6:30  Zealot x4, High Templar x2  
  87  6:33  Photon Cannon  
  87  6:36  Photon Cannon  
  87  6:40  Probe x2  
  87  6:41  Probe  
  88  6:55  Protoss Ground Weapons Level 1, Zealot x2, High Templar  
  94  7:05  Pylon  
  94  7:06  Pylon  
  94  7:15  Zealot x3  
  96  7:20  Probe  
  96  7:22  Pylon  
  99  7:32  Zealot x4  
  91  7:37  Zealot x2  
  91  7:42  Zealot  
  91  7:43  Zealot  
  99  7:48  Probe x3  
  90  7:54  Stalker x2  
  77  8:09  Zealot x2  
  69  8:14  Phoenix  
  71  8:29  High Templar x2  
  71  8:32  High Templar  
  77  8:39  Zealot x2  
  81  8:46  Zealot  
  83  8:59  Zealot x4  
  91  9:07  Zealot  
  90  9:10  Warp Prism  
  78  9:37  Archon  
  78  9:38  Zealot x4, Stalker x2  
  86  9:45  Zealot  
  74  10:09  Zealot  
  74  10:10  Zealot x5  
  56  10:21  Zealot x2  
Show
View Real Time Build Order
Export as new Build Order

aLive Terran - Winner!

Build Orders: Gas First Reaper Expand 

Get SALT Encoding   

  12  0:00  SCV  
  13  0:12  SCV  
  14  0:17  Supply Depot  
  14  0:24  SCV  
  15  0:28  Refinery  
  15  0:39  SCV  
  16  0:45  Barracks  
  16  0:51  SCV  
  17  1:03  SCV  
  18  1:15  SCV  
  19  1:32  Reaper, Orbital Command  
  20  1:45  Command Center  
  20  1:58  SCV  
  21  2:01  Factory  
  21  2:06  Marine  
  22  2:12  Bunker  
  23  2:21  Supply Depot  
  23  2:25  Marine  
  23  2:43  SCV  
  24  2:44  Barracks Reactor  
  24  2:47  Starport  
  24  2:50  Refinery  
  24  2:53  Widow Mine  
  24  2:55  SCV  
  27  2:59  Orbital Command  
  27  3:07  SCV  
  28  3:15  Factory Tech Lab  
  28  3:19  SCV  
  29  3:20  Marine  
  29  3:21  Marine  
  29  3:26  SCV  
  31  3:34  SCV  
  32  3:38  SCV  
  36  3:49  Barracks x2  
  36  3:51  SCV x2  
  35  3:56  Siege Tank, Marine  
  35  3:57  Marine  
  35  4:02  Supply Depot  
  40  4:06  SCV x2  
  42  4:16  Marine x2  
  44  4:18  SCV x2  
  44  4:24  Supply Depot  
  46  4:29  Engineering Bay  
  46  4:30  SCV x2  
  48  4:35  Supply Depot  
  48  4:40  Marine x3  
  48  4:41  Factory Reactor  
  48  4:42  SCV x2  
  48  4:45  Marine  
  54  4:46  Stimpack  
  54  4:50  Supply Depot  
  54  4:53  Starport Reactor  
  54  4:54  SCV x2  
  54  4:58  Terran Infantry Weapons Level 1  
  53  5:07  SCV x2  
  53  5:08  Missile Turret x2  
  53  5:12  Barracks Tech Lab  
  55  5:19  Marine x3  
  55  5:20  Widow Mine x2, SCV  
  55  5:21  SCV  
  64  5:30  Combat Shield  
  64  5:32  Refinery  
  64  5:35  Refinery, SCV x2  
  66  5:37  Supply Depot, Marine x2  
  66  5:38  Marine x2  
  70  5:43  Supply Depot  
  70  5:46  Widow Mine x2  
  71  5:53  SCV x2  
  70  5:58  Medivac x2  
  74  6:04  Marine  
  74  6:05  SCV x2, Marine x3  
  74  6:10  Widow Mine x2  
  81  6:25  Marauder x2, Marine x2  
  87  6:28  SCV x2  
  89  6:34  Widow Mine x2  
  89  6:39  Supply Depot  
  93  6:42  Medivac x2  
  93  6:47  Concussive Shells  
  95  6:50  Marine x2  
  95  6:51  Marauder x2  
  99  6:54  SCV x2  
  99  6:55  Terran Infantry Armor Level 1  
  101  7:09  SCV x2  
  101  7:15  Marine x4  
  100  7:39  Command Center  
  100  7:40  SCV x2  
  102  7:46  Barracks  
  102  7:47  Barracks  
  102  7:51  Marauder, Marine x2  
  87  7:52  Marauder, SCV  
  87  7:53  SCV  
  88  8:01  Widow Mine, Medivac  
  88  8:02  Widow Mine  
  88  8:05  SCV x2  
  91  8:13  Ghost Academy  
  91  8:16  Liberator  
  91  8:17  Liberator, SCV x2  
  93  8:20  Marine x2  
  95  8:29  SCV x2  
  95  8:31  Widow Mine x2  
  104  8:41  SCV x2  
  109  8:45  Barracks Tech Lab  
  109  8:50  Ghost  
  109  8:51  Barracks Reactor  
  109  8:52  Widow Mine x2  
  109  8:55  Orbital Command  
  115  9:05  Ghost  
  115  9:06  Missile Turret  
  115  9:08  Ghost  
  117  9:13  Orbital Command  
  114  9:20  Liberator, Missile Turret  
  114  9:21  Liberator  
  114  9:23  Marine  
  114  9:24  Ghost, Marine  
  98  9:34  Marauder  
  98  9:36  Marine x2  
  98  9:37  Widow Mine x2  
  98  9:38  Marauder, SCV  
  114  9:39  SCV  
  116  9:49  Marine  
  117  9:54  Armory  
  117  9:55  Engineering Bay  
  115  10:00  Marine x3  
  111  10:12  Marine  
  98  10:20  SCV x3  

Tags
 
Add a new tag
Caveats
  • Supply blocks, unpowered buildings, or Contaminate may cause inaccurate times.
  • Supply counts are checked every 10 seconds.